 Dungeon Crawl Stone Soup version 0.28.0-53-g5a82cb258f (webtiles) character file.

Game seed: 5053381914018490359

60 DildoBatman the Conjurer (level 4, -3/32 HPs)
             Began as a Formicid Conjurer on June 30, 2022.
             Slain by a gnoll
             ... wielding a +0 club
              (6 damage)
             ... on level 3 of the Dungeon.
             The game lasted 00:04:08 (1433 turns).

DildoBatman the Conjurer (Formicid Conjurer)        Turns: 1433, Time: 00:04:08

Health: -3/32      AC:  2    Str: 12    XL:     4   Next: 24%
Magic:  5/7        EV: 12    Int: 17    God:
Gold:   79         SH:  0    Dex: 11    Spells: 5/8 levels left

rFire   . . .      SeeInvis +   b - +0 hunting sling
rCold   . . .      Faith    .   (no shield)
rNeg    . . .      Spirit   .   p - +0 robe
rPois   .          Reflect  .   (helmet unavailable)
rElec   .          Harm     .   (no cloak)
rCorr   .          Rampage  .   (no gloves)
Will    +....                   (no boots)
Stlth   ++........              (no amulet)
HPRegen 0.10/turn               m - ring of willpower
MPRegen 0.10/turn               (no ring)

@: lethally poisoned (-3 -> -10)
A: permanent stasis, dig shafts and tunnels, antennae 3, four strong arms
a: Dig, Shaft Self


You were on level 3 of the Dungeon.
You visited 1 branch of the dungeon, and saw 3 of its levels.

You collected 79 gold pieces.

Inventory:

Hand Weapons
 a - a +2 dagger of venom
 b - a +0 hunting sling (weapon)
 d - a +2 vampiric dagger
Missiles
 f - 35 stones (quivered ammo)
 j - 2 poisoned darts
 s - 5 datura-tipped darts
 t - 12 arrows
Armour
 p - a +0 robe (worn)
Jewellery
 m - a ring of willpower (left hand)
Scrolls
 h - 2 scrolls of blinking {unknown}
 i - 2 scrolls of identify {unknown}
 k - a scroll of teleportation {unknown}
 n - a scroll of acquirement {unknown}
 o - 2 scrolls of magic mapping {unknown}
 q - a scroll of fog {unknown}
Potions
 e - a potion of might {unknown}
 l - 2 potions of flight {unknown}
 r - a potion of curing {unknown}


   Skills:
 * Level 1.0 Fighting
 * Level 1.0 Armour
 - Level 1.7 Dodging
 - Level 2.4 Stealth
 * Level 2.5 Spellcasting
 * Level 4.5 Conjurations


You had 5 spell levels left.
You knew the following spells:

 Your Spells              Type           Power      Damage    Failure   Level
a - Searing Ray           Conj           34%        2d5       4%          2
c - Magic Dart            Conj           68%        1d6       2%          1

Your spell library contained the following spells:

 Spells                   Type           Power      Damage    Failure   Level
 Dazzling Flash           Conj/Hex       18%        N/A       22%         3
 Summon Guardian Golem    Hex/Summ       2%         N/A       50%         3
 Fulminant Prism          Conj/Hex       4%         3d6       56%         4
 Iskenderun's Mystic Bla  Conj/Tloc      9%         2d4       56%         4
 Orb of Destruction       Conj           8%         9d6       100%        7
 Spellforged Servitor     Conj/Summ      4%         N/A       100%        7


Dungeon Overview and Level Annotations

Branches:
Dungeon (3/15)

Altars:

Shops:
D:3 *

Annotations:
D:2 exclusions: giant cockroach and sensed monster (detected)


Innate Abilities, Weirdness & Mutations

You cannot be hasted, slowed, berserked, paralysed or teleported.
You can dig through walls and to a lower floor.
You have a pair of large antennae on your head. (SInv)
Your four strong arms can wield two-handed weapons with a shield.


Message History

You feel sick. The adder closely misses you. The adder bites you.
You are more poisoned.
The adder poisons you! What are your orders? t - Shout!
Orders for allies: a - Attack new target. r - Retreat! s - Stop attacking. g - Guard the area. f - Follow me.
Anything else - Cancel.
You shout for attention!
You feel sick.
A ball python comes into view.
The adder bites you.
You are lethally poisoned!
The adder poisons you! The gnoll hits you but does no damage.
What are your orders? t - Shout!
Orders for allies: a - Attack new target. r - Retreat! s - Stop attacking. g - Guard the area. f - Follow me.
Anything else - Cancel.
You shout for attention!
You feel sick. The gnoll barely misses you. The adder bites you.
The gnoll barely misses you. What are your orders? t - Shout!
Orders for allies: a - Attack new target. r - Retreat! s - Stop attacking. g - Guard the area. f - Follow me.
Anything else - Cancel.
You shout for attention!
You feel sick. The adder closely misses you. The gnoll hits you with a +0 club.
You die...

..###
##....
#S...#
#....#
#....#
#....#
####gS..#
#..g@...#
#)###.###
#)# .#
#.# .#
##.## .#
#...# .#
#...# .#
##...# .#
#...##


You could see 2 gnolls, an adder and a ball python.

Vanquished Creatures
  An adder (D:2)
  2 gnolls (D:3)
  2 endoplasms (D:2)
  A giant cockroach (D:1)
  6 goblins
  3 hobgoblins
  3 kobolds
  2 quokkas
  A ball python (D:3)
  6 bats
  A frilled lizard (D:2)
  A rat (D:2)
29 creatures vanquished.

Vanquished Creatures (others)
  A fungus (D:3)
  2 plants (D:3)
3 creatures vanquished.

Grand Total: 32 creatures vanquished

Notes
Turn   | Place    | Note
-------+----------+-------------------------------------------
     0 | D:1      | DildoBatman the Formicid Conjurer began the quest for the
                  | Orb.
     0 | D:1      | Reached XP level 1. HP: 13/13 MP: 3/3
   152 | D:1      | Reached XP level 2. HP: 10/19 MP: 1/5
   155 | D:1      | Learned a level 2 spell: Searing Ray
   182 | D:1      | Reached skill level 4 in Conjurations
   246 | D:1      | You fall into a shaft and drop 1 floor!
   355 | D:2      | Reached XP level 3. HP: 24/24 MP: 3/6
  1338 | D:3      | Found Fappuyth's Assorted Antiques.
  1414 | D:3      | Reached XP level 4. HP: 31/31 MP: 4/7
  1415 | D:3      | Reached skill level 1 in Fighting
  1415 | D:3      | Reached skill level 1 in Armour
  1433 | D:3      | Slain by a gnoll

Illustrated notes

Levels and vault maps discovered:
D:1:      ncdulo_wetmaze, layout_basic
D:2:      minmay_roachtagon, layout_basic, corexii_hall_statues_u,
          grunt_ministairs_4
D:3:      layout_basic, dreamdust_ecumenical_altar_hidden_monk_grotto,
          serial_shops, nicolae_shop_hallway_plus, grunt_decor_resistance,
          eino_curves_02, chequers_garden

Skill      XL: |  1  2  3  4 |
---------------+-------------+-----
Conjurations   | 4 |  4.5
Fighting       | 1 |  1.0
Armour         | 1 |  1.0
Dodging        | |  1.7
Stealth        | |  2.4
Spellcasting   | |  2.5

Action                   |  1- 3 |  4- 6 || total
-------------------------+-------+-------++-------
Melee: Hand axe          |     6 |       ||     6
       Short sword       |     2 |       ||     2
 Fire: Hunting sling     |     3 |       ||     3
 Cast: Magic Dart        |    45 |       ||    45
       Searing Ray       |     1 |       ||     1
 Abil: Dig               |     1 |       ||     1
Armor: Robe              |     2 |     2 ||     4
Dodge: Dodged            |     8 |     5 ||    13
